 Dungeon Crawl Stone Soup version 0.30-a0-6-g7c9e10e132 (webtiles) character file.

Game seed: 11095217457549232813

726 SensoryNuts the Chopper (level 7, 0/61 HPs)
             Began as a Purple Draconian Fighter on Aug 22, 2022.
             Was an Initiate of Gozag.
             Slain by an iguana (15 damage)
             ... on level 5 of the Dungeon.
             The game lasted 00:04:27 (3914 turns).

SensoryNuts the Chopper (Purple Draconian Fighter)  Turns: 3914, Time: 00:04:28

Health: 0/61       AC: -6    Str: 21    XL:     7   Next: 44%
Magic:  7/7        EV: 12    Int:  8    God:    Gozag
Gold:   494        SH:  4    Dex: 10    Spells: 6/6 levels left

rFire   . . .      SeeInvis .    a - +1 war axe (flame)
rCold   . . .      Faith    .    b - +0 buckler
rNeg    . . .      Spirit   .    (body armour unavailable)
rPois   .          Reflect  .    (helmet restricted)
rElec   .          Harm     .    (no cloak)
rCorr   .          Rampage  .    (no gloves)
Will    +....                    (no boots)
Stlth   ++........               j - amulet of regeneration
HPRegen 1.00/turn                (no ring)
MPRegen 0.10/turn                (no ring)

@: corroded, flying, hasted, very quick
A: breathe power, AC +6, unfitting armour, cold-blooded, big wings, MP-powered
wands
a: Breathe Dispelling Energy, Renounce Religion, Potion Petition, Call Merchant,
Bribe Branch


You were on level 5 of the Dungeon.
You worshipped Gozag.
Gozag was aware of your devotion.
You visited 1 branch of the dungeon, and saw 5 of its levels.

You collected 543 gold pieces.
You paid 49 gold pieces to Gozag.

Inventory:

Hand Weapons
 a - a +1 war axe of flaming (weapon)
Armour
 b - a +0 buckler (worn)
Jewellery
 g - a ring of see invisible
 j - an amulet of regeneration (around neck)
 l - an amulet of magic regeneration
 q - a +6 ring of intelligence
 t - a ring of poison resistance
Scrolls
 h - a scroll of enchant armour {unknown}
 i - a scroll of magic mapping {unknown}
 k - a scroll of teleportation
 m - a scroll of butterflies {unknown}
 n - a scroll of blinking
 p - 3 scrolls of identify
 u - 3 scrolls of amnesia
Potions
 c - a potion of might
 d - a potion of haste
 f - a potion of mutation
 o - a potion of brilliance
 r - a potion of cancellation {unknown}
 s - 2 potions of curing


   Skills:
 + Level 5.1 Fighting
 + Level 6.5 Axes
 + Level 3.7 Dodging
 + Level 1.5 Stealth
 + Level 3.6 Shields


You had 6 spell levels left.
You didn't know any spells.
Your spell library contained the following spells:

 Spells                   Type           Power      Damage    Failure   Level
 Shock                    Conj/Air       0%         1d3       50%         1
 Sublimation of Blood     Necr           0%         N/A       65%         2
 Wereblood                Tmut           0%         N/A       65%         2
 Call Canine Familiar     Summ           0%         N/A       86%         3
 Portal Projectile        Hex/Tloc       0%         N/A       86%         3
 Swiftness                Air            0%         N/A       86%         3
 Airstrike                Air            0%         2d(0-16)  99%         4
 Leda's Liquefaction      Hex/Erth       0%         N/A       99%         4
 Summon Hydra             Summ           0%         N/A       100%        7


Dungeon Overview and Level Annotations

Branches:
Dungeon (5/15)
 Temple: D:4-7

Altars:
Gozag
Hepliaklqana
Qazlal
Trog
Wu Jian
Yredelemnul

Shops:
D:1 *   D:4 *

Annotations:
D:5 1 runed translucent door


Innate Abilities, Weirdness & Mutations

You can breathe bolts of dispelling energy.
Your rich purple scales are hard. (AC +6)
You cannot fit into any form of body armour.
You are cold-blooded and may be slowed by cold attacks.
Your large and strong wings let you fly.
You expend magic power (3 MP) to strengthen your wands.


Message History

The iguana bites you. The kobold closely misses you.
You block the jelly's attack. The kobold closely misses you.
The iguana barely misses you. The jelly hits you.
You are splashed with acid!
You hit the kobold but do no damage.
The kobold is severely wounded.
You hit the iguana but do no damage. You hit the jelly but do no damage.
Your hands burn!
You block the iguana's attack. The kobold barely misses you.
The jelly barely misses you.
You hit the kobold but do no damage.
You tail-slap the kobold, but do no damage.
The kobold is severely wounded.
You hit the iguana but do no damage. You barely miss the jelly.
The iguana barely misses you. You block the kobold's attack.
The jelly hits you. The acid corrodes you!
You are splashed with acid!
* * * LOW HITPOINT WARNING * * *
You hit the kobold but do no damage.
The kobold is severely wounded.
You slash the jelly! You burn the jelly.
You kill the jelly!
You hit the iguana. You burn the iguana. The iguana bites you.
* * * LOW HITPOINT WARNING * * *
The kobold hits you with a +0 whip.
* * * LOW HITPOINT WARNING * * *
You feel much better. The iguana bites you! You block the kobold's attack.
You closely miss the kobold.
The kobold is severely wounded.
You barely miss the iguana. You block the iguana's attack.
The kobold hits you with a +0 whip.
You hit the kobold but do no damage.
The kobold is severely wounded.
You barely miss the ice beast. You closely miss the iguana.
The iguana misses you. The kobold hits you with a +0 whip.
The ice beast hits you. The ice beast freezes you!
You feel yourself slow down.
* * * LOW HITPOINT WARNING * * *
Unknown command.
You feel yourself speed up.
You feel yourself speed up. The iguana bites you!
You die...
Your body crumbles into a pile of gold.

.... #... $ .... #..#
..... #... ... #..
...#.. # #
.##.##.#.##.#..#
###..##.$..YK......#
..#..## ##.#@# #
##.#..#...#.#l##.##.#
... ...#...$K......#
#####.#
#...###.##.#.##
....#.#####.####.##.#
....................#
.##.##.####.####.####
.##.##.# #...# #.#
....##.# #...# #..


You could see an ice beast, an iguana and 2 kobolds.

Vanquished Creatures
  A black bear (D:4)
  A kobold brigand (D:5)
  A scorpion (D:4)
  A hound (D:3)
  2 orc priests
  2 jellies
  2 iguanas
  4 orc wizards
  A gnoll (D:1)
  6 adders
  A shadow imp (D:5)
  6 worms
  22 orcs
  8 bats
  6 endoplasms
  3 giant cockroaches
  7 goblins
  10 hobgoblins
  10 kobolds
  3 quokkas
  7 ball pythons
  2 frilled lizards
  A rat (D:1)
  A spectral goblin (D:4)
108 creatures vanquished.

Vanquished Creatures (others)
  74 plants
74 creatures vanquished.

Grand Total: 182 creatures vanquished

Notes
Turn   | Place    | Note
-------+----------+-------------------------------------------
     0 | D:1      | SensoryNuts the Draconian Fighter began the quest for the
                  | Orb.
     0 | D:1      | Reached XP level 1. HP: 19/19 MP: 1/1
    46 | D:1      | Reached XP level 2. HP: 8/26 MP: 2/2
   794 | D:1      | Reached XP level 3. HP: 30/33 MP: 3/3
   956 | D:1      | Found Niruess's General Store.
  1784 | D:2      | Reached skill level 3 in Axes
  1784 | D:2      | Reached XP level 4. HP: 40/40 MP: 4/4
  1833 | D:2      | Found a faded altar of an unknown god.
  2173 | D:3      | Found an ornate altar of the Wu Jian Council.
  2173 | D:3      | Found a bloodstained altar of Trog.
  2187 | D:3      | Found a faded altar of an unknown god.
  2189 | D:3      | Found an opulent altar of Gozag.
  2191 | D:3      | Found a faded altar of an unknown god.
  2251 | D:3      | Became a worshipper of Gozag Ym Sagoz the Greedy
  2306 | D:3      | Found a stormy altar of Qazlal.
  2311 | D:3      | Reached XP level 5. HP: 43/46 MP: 5/5
  2332 | D:3      | Reached skill level 4 in Axes
  2381 | D:3      | Found a basalt altar of Yredelemnul.
  2436 | D:3      | Reached XP level 6. HP: 37/53 MP: 6/6
  2943 | D:3      | Gained mutation: You expend magic power (3 MP) to
                  | strengthen your wands. [potion of mutation]
  2943 | D:3      | Gained mutation: Your large and strong wings let you fly.
                  | [potion of mutation]
  3116 | D:4      | Reached skill level 5 in Axes
  3346 | D:4      | Reached skill level 1 in Stealth
  3442 | D:4      | Found Buixuah's Gadget Gallery.
  3575 | D:4      | Found a hazy altar of Hepliaklqana.
  3796 | D:5      | Entered Level 5 of the Dungeon
  3800 | D:5      | Your scales start taking on a rich purple colour.
  3800 | D:5      | Reached XP level 7. HP: 59/60 MP: 7/7
  3804 | D:5      | Reached skill level 6 in Axes
  3815 | D:5      | Found a runed translucent door.
  3902 | D:5      | Reached skill level 5 in Fighting
  3914 | D:5      | Slain by an iguana

Illustrated notes

Levels and vault maps discovered:
D:1:      minmay_arrival_four_houses, layout_loops_ring, serial_shops,
          nicolae_shop_statue_plus
D:2:      layout_rooms, shapermc_ecumenical_altar_mp_ritualfount,
          serial_bayou_lagoon_a, minmay_between
D:3:      layout_loops_cross, chequers_temple_overflow_minitemple,
          mainiacjoe_overflow_catch_the_wave, grunt_ministairs_1
D:4:      layout_basic, nicolae_hepliaklqana_monster_ancestors,
          nicolae_shop_gadgets
D:5:      layout_loops_cross, ebering_ghost_sewer_d

Skill      XL: |  1  2  3  4  5  6  7 |
---------------+----------------------+-----
Dodging        | 3 |  3.7
Axes           | 3 4 5 6 |  6.5
Fighting       | 4 5 |  5.1
Stealth        | 1 |  1.5
Shields        | |  3.6

Action                   |  1- 3 |  4- 6 |  7- 9 || total
-------------------------+-------+-------+-------++-------
Melee: War axe           |    96 |   138 |    43 ||   277
       Tailslap          |     7 |    10 |     8 ||    25
  Use: Potion            |       |     7 |     2 ||     9
       Scroll            |       |     7 |       ||     7
 Stab: Sleeping          |       |     1 |       ||     1
       Distracted        |       |       |     1 ||     1
Armor: Skin              |    30 |    39 |     9 ||    78
Dodge: Dodged            |    73 |    61 |    27 ||   161
Block: Buckler           |    33 |    37 |    14 ||    84

Table legend: (Time is in decaauts)
 A = Elapsed time spent in this place.
 B = Non-inter-level travel time spent in this place.
 C = Inter-level travel time spent in this place.
 D = Time resting spent in this place.
 E = Time spent auto-exploring this place.
 F = Levels seen in this place.
 G = Mean time per level.
                   A        B        C        D        E       F      G
               +--------+--------+--------+--------+--------+-----+--------+
         Total |   4020 |   3914 |    106 |    306 |   2867 |   5 |  804.0 |
       Dungeon |   4020 |   3914 |    106 |    306 |   2867 |   5 |  804.0 |
               +--------+--------+--------+--------+--------+-----+--------+

Top non-repeatable levels by time:
     D:1: 1249 daAuts
     D:3: 1088 daAuts
     D:2: 799 daAuts
     D:4: 755 daAuts
     D:5: 127 daAuts
